 Dungeon Crawl Stone Soup version 0.27-a0-732-ga892ba84f6 (webtiles) character file.

Game seed: 3283529230871332020

1346 Lanoc the Ducker (level 8, -11/59 HPs)
             Began as a Djinni Ice Elementalist on Mar 23, 2021.
             Was a Follower of Ashenzari.
             Mangled by an orc warrior
             ... wielding a +0 trident
              (15 damage)
             ... on level 6 of the Dungeon.
             The game lasted 00:09:13 (5783 turns).

Lanoc the Ducker (Djinni Ice Elementalist)          Turns: 5783, Time: 00:09:14

Health: -11/59     AC:  2    Str:  7    XL:     8   Next: 62%
Magic:  0/0        EV: 14    Int: 19    God:    Ashenzari [*.....]
Gold:   296        SH:  0    Dex: 14    Spells: 0/18 levels left

rFire    + + .     SeeInvis .   a - +12 glaive of Broken Luck {spect, rElec rN+}
rCold    x . .     Faith    .   (shield currently unavailable)
rNeg     + . .     Spirit   .   i - +0 robe of Apeoromancy {Melee, Range} (curse)
rPois    ∞         Reflect  .   (no helmet)
rElec    +         Harm     .   (no cloak)
rCorr    +         Rampage  .   (no gloves)
Will     .....                  (boots unavailable)
Stlth    ++........             (no amulet)
HPRegen  0.19/turn              o - ring of the Shattered Gnosis {rCorr, Fort, Evo} (curse)
MPRegen  0.00/turn              (no ring)

@: frozen ramparts, flying
A: fire resistance 2, cold vulnerability 1, float, innate caster, hp casting,
extra vitality 1
a: Renounce Religion, Shatter the Chains


You were on level 6 of the Dungeon.
You worshipped Ashenzari.
Ashenzari was aware of your devotion.
You visited 2 branches of the dungeon, and saw 7 of its levels.

You collected 322 gold pieces.
You spent 26 gold pieces at shops.

Inventory:

Hand Weapons
 a - the +12 glaive of Broken Luck (weapon) {spect, rElec rN+}
   (You acquired it on level 3 of the Dungeon)

   When it strikes, its spirit leaps out and fights alongside the wielder.
   It insulates you from electricity.
   It protects you from negative energy.
Armour
 i - the cursed +0 robe of Apeoromancy (worn) {Melee, Range}

   It has a curse which improves the following skills: Melee Combat: Short
   Blades, Long Blades, Axes, Maces & Flails, Polearms, Staves and Unarmed
   Combat.
   Ranged Combat: Slings, Bows, Crossbows and Throwing.
Jewellery
 o - the cursed ring of the Shattered Gnosis (right hand) {rCorr, Fort, Evo}
   (You found it on level 4 of the Dungeon)

   [ring of resist corrosion]

   It provides partial protection from all sources of acid and corrosion.
   It has a curse which improves the following skills: Fortitude: Armour and
   Shields.
   Evocations: Evocations.
Wands
 q - a wand of acid (16)
Scrolls
 d - 5 scrolls of teleportation
 e - 2 scrolls of blinking
 f - 2 scrolls of fear
 h - a scroll of enchant weapon
 j - a scroll of summoning
 l - 3 scrolls of magic mapping
 n - a scroll of immolation
Potions
 b - 2 potions of brilliance
 c - 3 potions of attraction
 g - 2 potions of cancellation
 k - a potion of resistance
 m - 2 potions of curing
 p - a potion of invisibility
 r - a potion of might


   Skills:
 + Level 5.2 Fighting
 + Level 3.3(4.2) Polearms
 + Level 6.3 Dodging
 - Level 1.5 Stealth
 + Level 5.8 Spellcasting


You couldn't memorise any spells.
You knew the following spells:

 Your Spells              Type           Power      Damage    Failure   Level
a - Freeze                Ice            100%       1d11      1%          1
b - Frozen Ramparts       Ice            54%        1d7       3%          3
c - Ozocubu's Armour      Ice            27%        N/A       3%          3
d - Ensorcelled Hibernat  Hex/Ice        54%        N/A       1%          2
e - Summon Ice Beast      Ice/Summ       27%        N/A       11%         4
f - Hailstorm             Conj/Ice       27%        3d7       11%         4
g - Pain                  Necr           100%       1d9       1%          1
h - Call Imp              Summ           27%        N/A       1%          2
Your spell library was empty.

Dungeon Overview and Level Annotations

Branches:
Dungeon (6/15)             Temple (1/1) D:5

Altars:
Ashenzari
Nemelex Xobeh
Uskayaw
Xom

Shops:
D:1 *   D:3 ==(=


Innate Abilities, Weirdness & Mutations

You are immune to poison.
Your flesh is very heat resistant. (rF++)
You are vulnerable to cold. (rC-)
You float through the air rather than walking.
You learn spells naturally, not from books.
Your magical power is your life essence.
You have superior vitality. (+4 HP)


Message History

You swap places.
A phantom comes into view.
You reach to attack!
The helpless phantom fails to defend itself.
You hit the phantom.
The phantom is moderately damaged.
Your spectral weapon hits the phantom!!
You hear a shout!
You hear a croak.
The phantom hits your spectral weapon but does no damage.
An orc warrior comes into view. It is wielding a +0 trident.
The phantom closely misses your spectral weapon.
You could not reach far enough!
You slash the phantom!
You destroy the phantom!
The orc warrior throws a stone.
The stone hits you!
The orc warrior throws a stone.
The stone hits you!!
The orc warrior hits you from afar with a +0 trident.
You are too injured to fight recklessly!
Casting: Frozen Ramparts (dangerous; 3% risk of failure)
Confirm with . or Enter, or press ? or * to list all spells.
Casting: Frozen Ramparts (dangerous; 3% risk of failure)
Press: ? - help, Dir - look around, f - activate The walls around you are covered in ice.
The wall freezes the orc warrior.
The orc warrior closely misses you.
You are too injured to fight recklessly!
Reach: a) +12 glaive of Broken Luck {spect, rElec rN+}
Press: ? - help, Dir - move target, f - orc warrior
Aim: an orc warrior, wielding a +0 trident, wearing a +0 plate armour and quivering stones (lightly wounded, about 30% to evade the +12 glaive of Broken Luck)
You reach to attack!
You closely miss the orc warrior.
The orc warrior is lightly wounded.
Your spectral weapon hits the orc warrior!
The wall freezes the orc warrior.
The orc warrior hits you from afar with a +0 trident!!
* * * LOW HITPOINT WARNING * * *
Reach: a) +12 glaive of Broken Luck {spect, rElec rN+}
Press: ? - help, Dir - move target, f/p - orc warrior
Aim: an orc warrior, wielding a +0 trident, wearing a +0 plate armour and quivering stones (severely wounded, about 30% to evade the +12 glaive of Broken Luck)
You could not reach far enough!
The wall freezes the orc warrior.
The orc warrior hits you from afar with a +0 trident!
You die...

#†....# ##.##.#
#.##.## #..#..#
##.##.## # #..#).#
.#
##########.##.##o#
#.......#.##.##§##
#.#####....#..@..#
#(# ############
#.# #.# #.# #.#
###.# ....# #####


You could see an orc warrior.

Vanquished Creatures
  Grinder (D:3)
  Sigmund (D:5)
  Eustachio (D:5)
  2 ogres
  2 phantoms
  A scorpion (D:4)
  A howler monkey (D:4)
  A centaur zombie (D:6)
  A hound (D:6)
  A bullfrog skeleton (D:5)
  A gnoll shaman (D:4)
  An orc priest (D:3)
  An orc wizard (D:5)
  2 worker ants
  A hound skeleton (D:5)
  5 gnolls (D:4)
  A howler monkey skeleton (D:4)
  7 adders
  A worm (D:3)
  3 dart slugs
  12 orcs
  9 ball pythons
  6 bats
  A giant cockroach (D:4)
  5 goblins
  8 hobgoblins
  17 jackals
  7 oozes
  2 quokkas
  3 frilled lizards
  2 kobolds (D:3)
  A quokka skeleton (D:5)
  3 rats (D:3)
111 creatures vanquished.

Vanquished Creatures (others)
  40 plants (D:5)
40 creatures vanquished.

Grand Total: 151 creatures vanquished

Notes
Turn   | Place    | Note
-------+----------+-------------------------------------------
     0 | D:1      | Lanoc the Djinni Ice Elementalist began the quest for the
                  | Orb.
     0 | D:1      | Reached XP level 1. HP: 15/15 MP: 0/0
   198 | D:1      | Reached XP level 2. HP: 16/22 MP: 0/0
   739 | D:1      | Reached skill level 1 in Fighting
   907 | D:1      | Found Kilot's General Store.
   942 | D:1      | Bought a scroll of identify for 26 gold pieces
   994 | D:1      | Reached XP level 3. HP: 26/27 MP: 0/0
   994 | D:1      | Learned a level 1 spell: Pain
  1263 | D:2      | Found a broken altar of Ashenzari.
  1362 | D:2      | Found a sparkling altar of Nemelex Xobeh.
  1570 | D:2      | Reached skill level 3 in Dodging
  2051 | D:2      | Reached XP level 4. HP: 24/33 MP: 0/0
  2596 | D:3      | Found Vaul's Antique Weapon Shoppe.
  2617 | D:3      | Found Tofromab's Jewellery Shop.
  2657 | D:3      | Reached XP level 5. HP: 39/39 MP: 0/0
  2657 | D:3      | Learned a level 2 spell: Ensorcelled Hibernation
  2665 | D:3      | Found a faded altar of an unknown god.
  2675 | D:3      | Became a worshipper of Ashenzari the Shackled
  2695 | D:3      | Found Guamont's Jewellery Boutique.
  2700 | D:3      | Identified a scroll of acquirement
  2702 | D:3      | Found Rehehes's Jewellery Boutique.
  2717 | D:3      | Acquired the +12 glaive of Broken Luck {spect, rElec rN+}
  2736 | D:3      | Noticed Grinder
  2740 | D:3      | Killed Grinder
  2741 | D:3      | Reached skill level 4 in Dodging
  2741 | D:3      | Reached XP level 6. HP: 43/46 MP: 0/0
  3502 | D:4      | Reached skill level 1 in Polearms
  3502 | D:4      | Reached XP level 7. HP: 43/51 MP: 0/0
  3502 | D:4      | Learned a level 2 spell: Call Imp
  3527 | D:4      | Reached skill level 5 in Spellcasting
  3588 | D:4      | Reached skill level 5 in Dodging
  4215 | D:4      | Found a shimmering altar of Xom.
  4883 | D:5      | Entered Level 5 of the Dungeon
  4883 | D:5      | Noticed Sigmund
  4886 | D:5      | Killed Sigmund
  4887 | D:5      | Reached XP level 8. HP: 51/58 MP: 0/0
  5023 | D:5      | Found a staircase to the Ecumenical Temple.
  5030 | Temple   | Entered the Ecumenical Temple
  5091 | D:5      | Noticed Eustachio
  5097 | D:5      | Killed Eustachio
  5381 | D:5      | Reached skill level 6 in Dodging
  5683 | D:6      | Reached skill level 5 in Fighting
  5763 | D:6      | Reached * piety under Ashenzari
  5783 | D:6      | Mangled by an orc warrior

Illustrated notes

Levels and vault maps discovered:
D:1:      erik_arrival_blinker_ship, layout_loops_ring, serial_shops,
          nicolae_shop_crystal
D:2:      layout_rooms, nicolae_ashenzari_panopticon,
          nemelex_lonely_heart_becter
D:3:      layout_loops_ring, serial_shops, nicolae_shop_crystal, shop, shop,
          shop, chequers_ecumenical_altar_simple, uniq_grinder
D:4:      layout_layer_cave, xom_teletrap_fun, minivault_5
D:5:      layout_rooms, temple_statues, hangedman_decor_diamond_cutter,
          minmay_large_rounded_square, hangedman_decor_push,
          serial_bayou_lagoon_a, uniq_sigmund, uniq_eustachio
D:6:      minmay_angry_zag, layout_loops_ring, grunt_temple_overflow_bloody_war,
          grunt_temple_overflow_open, serial_shops, nicolae_shop_statue_plus,
          minmay_pentangle
Temple:   eino_wide_crystal_templ

Skill      XL: |  1  2  3  4  5  6  7  8 |
---------------+-------------------------+-----
Fighting       | 1 2 3 4 5 |  5.2
Dodging        | 3 4 5 6 |  6.3
Spellcasting   | 4 5 |  5.8
Polearms       | 1 2 3 |  3.3
Stealth        | |  1.5

Action                   |  1- 3 |  4- 6 |  7- 9 || total
-------------------------+-------+-------+-------++-------
Melee: Unarmed           |     8 |     7 |       ||    15
       Glaive            |       |    25 |    44 ||    69
 Cast: Freeze            |    48 |    21 |       ||    69
       Frozen Ramparts   |     3 |     2 |     8 ||    13
Invok: Curse Item        |       |     1 |     1 ||     2
  Use: Scroll            |     1 |     3 |       ||     4
 Stab: Sleeping          |     1 |     5 |     3 ||     9
Armor: Robe              |    10 |     5 |     4 ||    19
Dodge: Dodged            |    32 |    18 |    20 ||    70

Table legend: (Time is in decaauts)
 A = Elapsed time spent in this place.
 B = Non-inter-level travel time spent in this place.
 C = Inter-level travel time spent in this place.
 D = Time resting spent in this place.
 E = Time spent auto-exploring this place.
 F = Levels seen in this place.
 G = Mean time per level.
                   A        B        C        D        E       F      G
               +--------+--------+--------+--------+--------+-----+--------+
         Total |   5824 |   5697 |    127 |      0 |   5087 |   7 |  832.0 |
       Dungeon |   5823 |   5696 |    127 |      0 |   5087 |   6 |  970.5 |
        Temple |      1 |      1 |      0 |      0 |      0 |   1 |    1.0 |
               +--------+--------+--------+--------+--------+-----+--------+

Top non-repeatable levels by time:
     D:4: 1669 daAuts
     D:1: 1180 daAuts
     D:2: 1121 daAuts
     D:3: 938 daAuts
     D:5: 729 daAuts
     D:6: 184 daAuts
  Temple: 1 daAuts
